Map: Ulrena

Players

reaverdrop - Winner!

  • Race: Zerg Zerg
  • League: Silver

Sharess

  • Race: Protoss Protoss
  • League: Gold

VOD

Have the link to the VOD?

Description

Time

  • Played on: March 6, 2016, 6:02 a.m.
  • Length: 11:22
Show
View Real Time Build Order
Export as new Build Order

reaverdrop Zerg - Winner!

Build Orders: Hatch First 

Get SALT Encoding   

  12  0:01  Drone  
  13  0:12  Overlord  
  13  0:17  Drone  
  14  0:30  Drone  
  14  0:33  Drone  
  16  0:37  Drone  
  17  0:57  Hatchery  
  17  1:00  Drone  
  17  1:06  Extractor  
  17  1:07  Drone  
  17  1:18  Spawning Pool  
  17  1:20  Drone  
  17  1:23  Drone  
  18  1:35  Drone  
  18  1:38  Overlord  
  19  2:05  Zergling x4  
  19  2:07  Queen  
  23  2:09  Queen  
  23  2:12  Drone x2  
  23  2:15  Metabolic Boost  
  27  2:19  Drone  
  28  2:31  Drone x2  
  30  2:43  Queen  
  34  3:00  Lair  
  32  3:05  Roach Warren, Drone x4  
  32  3:06  Drone  
  32  3:08  Overlord  
  36  3:24  Overlord  
  36  3:29  Drone x2  
  38  3:39  Drone x3  
  38  3:40  Overlord  
  41  3:46  Extractor  
  40  3:53  Drone x6  
  46  4:11  Glial Reconstitution  
  46  4:26  Evolution Chamber  
  46  4:27  Hatchery  
  46  4:30  Evolution Chamber, Overlord  
  46  4:31  Overlord  
  43  4:33  Roach x4  
  51  4:41  Extractor, Drone  
  51  5:03  Zerg Missile Weapons Level 1  
  51  5:05  Drone  
  51  5:06  Drone x2  
  54  5:12  Spore Crawler  
  53  5:14  Spore Crawler  
  53  5:16  Drone  
  53  5:20  Zerg Ground Armor Level 1  
  53  5:22  Zergling x12  
  59  5:33  Zergling x2  
  59  5:51  Roach x4  
  60  6:11  Queen  
  60  6:13  Queen  
  57  6:26  Hydralisk Den  
  52  6:33  Overseer  
  50  6:50  Roach x6  
  58  7:02  Extractor  
  58  7:05  Overlord x3  
  57  7:19  Hydralisk x3  
  57  7:21  Overlord  
  63  7:35  Hatchery, Drone x2  
  63  7:36  Drone x4  
  68  7:47  Hydralisk  
  68  7:48  Hydralisk x8  
  70  8:27  Zergling x10  
  70  8:28  Zergling x10  
  78  8:49  Roach x4  
  78  8:54  Zerg Missile Weapons Level 2, Zerg Ground Armor Level 2  
  86  8:56  Overlord x3  
  83  9:23  Hydralisk x8  
  83  9:24  Hydralisk x3  
  101  9:43  Zergling x4  
  101  9:44  Zergling x4  
  105  9:50  Overlord x2  
  105  9:51  Overlord  
  90  10:40  Roach x11  
  90  10:41  Roach x4  
Show
View Real Time Build Order
Export as new Build Order

Sharess Protoss 

Build Orders: Phoenix Opening 

Get SALT Encoding   

  12  0:07  Probe (Chrono Boost)  
  13  0:24  Pylon  
  13  0:25  Probe (Chrono Boost)  
  14  0:36  Probe (Chrono Boost)  
  15  0:46  Probe (Chrono Boost)  
  15  0:47  Gateway  
  15  0:49  Pylon  
  17  0:57  Probe (Chrono Boost)  
  17  1:07  Probe (Chrono Boost)  
  17  1:09  Assimilator  
  18  1:18  Probe (Chrono Boost)  
  19  1:29  Probe (Chrono Boost)  
  20  1:38  Cybernetics Core  
  20  1:45  Probe (Chrono Boost)  
  21  1:50  Nexus  
  21  1:57  Probe (Chrono Boost)  
  22  2:02  Assimilator  
  22  2:14  Pylon  
  22  2:20  Probe (Chrono Boost)  
  23  2:31  Adept  
  25  2:43  Warp Gate  
  25  2:44  Stargate  
  25  2:49  Pylon  
  25  2:58  Pylon  
  25  3:03  Mothership Core (Chrono Boost)  
  25  3:05  Probe (Chrono Boost)  
  28  3:06  Assimilator  
  28  3:08  Assimilator  
  28  3:19  Probe (Chrono Boost), Pylon  
  29  3:21  Probe (Chrono Boost)  
  30  3:27  Phoenix (Chrono Boost)  
  30  3:32  Probe (Chrono Boost)  
  30  3:33  Probe (Chrono Boost)  
  34  3:46  Probe x2  
  36  3:51  Phoenix (Chrono Boost)  
  38  3:58  Probe x2  
  40  4:12  Fleet Beacon  
  40  4:14  Probe x2  
  42  4:26  Probe x2, Phoenix (Chrono Boost)  
  46  4:38  Probe x2  
  48  5:01  Phoenix (Chrono Boost)  
  48  5:03  Probe x2  
  52  5:10  Stargate  
  52  5:13  Twilight Council  
  52  5:15  Probe x2, Pylon  
  54  5:22  Pylon  
  54  5:27  Probe x2  
  58  5:28  Phoenix (Chrono Boost)  
  56  5:53  Probe  
  57  6:00  Phoenix (Chrono Boost)  
  57  6:02  Stalker  
  42  6:19  Void Ray (Chrono Boost)  
  42  6:22  Phoenix (Chrono Boost)  
  41  6:26  Probe  
  41  6:27  Probe  
  43  6:44  Probe  
  43  6:45  Probe  
  43  6:46  Void Ray (Chrono Boost)  
  47  6:49  Protoss Air Weapons Level 1  
  45  7:05  Probe x2  
  53  7:23  Probe x2  
  53  7:27  Void Ray (Chrono Boost)  
  57  7:35  Probe x2, Void Ray (Chrono Boost)  
  59  8:05  Carrier (Chrono Boost)  
  53  8:34  Probe, Carrier (Chrono Boost)  
  53  8:35  Probe  
  55  8:58  Sentry  
  23  9:56  Pylon  
  29  10:11  Probe  
Tags
 
Add a new tag
Caveats
  • Supply blocks, unpowered buildings, or Contaminate may cause inaccurate times.
  • Supply counts are checked every 10 seconds.